 Dungeon Crawl Stone Soup version 0.30-a0-629-gd54f4be4f7 (webtiles) character file.

Game seed: 1597872038526825960

3343 Dirtsage the Transmogrifier (level 10, -5/63 HPs)
             Began as an Octopode Transmuter on Jan 12, 2023.
             Was a Believer of the Shining One.
             Slain by a troll (14 damage)
             ... on level 7 of the Dungeon.
             The game lasted 00:18:07 (6694 turns).

Dirtsage the Transmogrifier (Octopode Transmuter)   Turns: 6694, Time: 00:18:07

Health: -5/63      AC:  2    Str: 10    XL:     10   Next: 2%
Magic:  12/13      EV: 29    Int: 20    God:    the Shining One [**....]
Gold:   211        SH:  0    Dex: 12    Spells: 3/13 levels left

rFire   . . .      SeeInvis .      - Unarmed
rCold   + . .      Faith    .    (no shield)
rNeg    + . .      Spirit   .    A - +1 hat
rPois   .          Reflect  .    j - amulet of the acrobat
rElec   .          Harm     .    o - ring of flight
rCorr   .          Rampage  .    I - ring of protection from cold
Will    .....                    (no ring)
Stlth   +                        (no ring)
HPRegen 0.30/turn                (no ring)
MPRegen 0.13/turn                (no ring)
                                 (no ring)
                                 (no ring)

@: wereblooded, acrobatic, flying, glowing
A: almost no armour, amphibious, 8 rings, camouflage 1, gelatinous body 1,
(nimble swimmer 1), tentacles
a: Renounce Religion, Divine Shield


You were on level 7 of the Dungeon.
You worshipped the Shining One.
The Shining One was pleased with you.
You visited 2 branches of the dungeon, and saw 8 of its levels.
You also visited: Sewer.

You collected 421 gold pieces.
You spent 210 gold pieces at shops.

Inventory:

Armour
 A - a +1 hat (worn)
Magical Staves
 d - a staff of poison
 r - a staff of death
Jewellery
 j - an amulet of the acrobat (around mantle)
 o - a ring of flight (left tentacle)
 s - a ring of protection from cold
 I - a ring of protection from cold (right tentacle)
Wands
 i - a wand of flame (28)
 w - a wand of paralysis (2)
Scrolls
 a - 4 scrolls of immolation
 c - 2 scrolls of fog
 e - 3 scrolls of enchant weapon
 f - a scroll of butterflies
 g - a scroll of fear
 m - a scroll of noise
 n - 2 scrolls of teleportation {unknown}
 t - a scroll of poison
 u - 4 scrolls of vulnerability
 x - a scroll of enchant armour
 y - a scroll of silence
 z - a scroll of magic mapping
 B - 2 scrolls of blinking
Potions
 b - 3 potions of brilliance
 h - 2 potions of haste
 k - 3 potions of attraction
 l - 2 potions of heal wounds
 p - 3 potions of lignification
 q - 2 potions of curing
 v - 2 potions of might {unknown}
 C - a potion of mutation
 D - 2 potions of magic {unknown}
 E - a potion of cancellation
 F - a potion of flight
 G - a potion of ambrosia {unknown}


   Skills:
 + Level 3.3 Fighting
 + Level 3.9 Dodging
 * Level 5.7 Unarmed Combat
 - Level 2.0 Spellcasting
 + Level 2.0 Conjurations
 - Level 8.0 Transmutations
 - Level 8.0 Ice Magic
 + Level 2.1 Air Magic
 + Level 2.7 Poison Magic
 + Level 0.7 Invocations


You had 3 spell levels left.
You knew the following spells:

 Your Spells              Type           Power      Damage    Failure   Level
a - Ice Form              Ice/Tmut       34%        N/A       6%          4
b - Wereblood             Tmut           34%        N/A       1%          2
c - Beastly Appendage     Tmut           68%        N/A       1%          1
x - Mephitic Cloud        Conj/Pois/Air  11%        N/A       19%         3

Your spell library contained the following spells:

 Spells                   Type           Power      Damage    Failure   Level
 Spider Form              Tmut/Pois      23%        N/A       5%          3
 Poisonous Vapours        Pois/Air       22%        N/A       9%          2
 Cigotuvi's Dreadful Rot  Necr/Pois/Air  16%        N/A       12%         2
 Inner Flame              Hex/Fire       2%         N/A       43%         3
 Flame Wave               Conj/Fire      6%         2d5       71%         4
 Sticky Flame             Conj/Fire      6%         2d3       71%         4


Dungeon Overview and Level Annotations

Branches:
Dungeon (7/15)             Temple (1/1) D:6           Sewer (visited)

Altars:
Ashenzari
Cheibriados
Dithmenos
Elyvilon
Fedhas
Gozag
Hepliaklqana
Kikubaaqudgha
Makhleb
Okawaru
Qazlal
Ru
Sif Muna
Uskayaw
Wu Jian
Yredelemnul
Zin
The Shining One

Shops:
D:6 *


Innate Abilities, Weirdness & Mutations

You cannot wear most types of armour.
You are amphibious.
You can wear up to eight rings at the same time.
Your skin changes colour to match your surroundings (Stealth+).
Your rubbery body absorbs attacks. (AC +1, EV +1)
((You are camouflaged when in or above water. (Stealth+)))
You have tentacles for arms and can constrict up to eight enemies at once.


Message History

You feel yourself slow down.
You feel a little less clever now. The troll bites you! The troll claws you! x2
You feel less attractive to monsters.
You now have 21/63 hp.
Casting: Ice Form (dangerous; 6% risk of failure)
Confirm with . or Enter, or press ? or * to list all spells.
Your blood is infused with primal strength.
The troll barely misses you. The troll closely misses you.
The troll claws you but does no damage.
You now have 9/13 mp.
You tentacle-slap the troll but do no damage.
Your squeeze misses the troll.
The boulder beetle leaps!
The troll bites you!
* * * LOW HITPOINT WARNING * * *
The troll claws you.
* * * LOW HITPOINT WARNING * * *
The troll misses you.
You take 15 damage, and have 7/63 hp.
MASSIVE DAMAGE!!
The boulder beetle curls into a ball and begins rolling!
There is an open door here.
The boulder beetle stops rolling and uncurls.
The troll attacks as you move away! The troll misses you.
The troll completely misses you. x2
The bullfrog releases a deep croak.
The boulder beetle curls into a ball and begins rolling!
The troll attacks as you move away! The troll completely misses you.
The troll claws you.
* * * LOW HITPOINT WARNING * * *
The troll misses you.
You take 1 damage, and have 8/63 hp.
The troll attacks as you move away! The troll completely misses you.
The troll closely misses you. The troll barely misses you.
The troll attacks as you move away! The troll completely misses you.
The troll misses you. The troll completely misses you.
The troll attacks as you move away! The troll completely misses you.
The troll claws you.
* * * LOW HITPOINT WARNING * * *
The troll barely misses you.
You take 4 damage, and have 9/63 hp.
The troll attacks as you move away! The troll bites you!
You die...

# ######.....# #.......... #
#....#.....# ########.#.
#....#.....# ###.#.
#######....#.....###########.....
.................................
#######....#.......#########.....
...# #......).....####..........
##.# #..........#..............)
##.# #..<....#.@T...............
##'############................#.
.....# #...y.F...######.#. .....#
#.....O...# #.## .....#
#.........# #... .....#
#.........######### .....#
#........B...Fy.B.. .....##
#########.....######## ......#
#.............###


You could see a boulder beetle, a two-headed ogre, a troll, a bullfrog and a
killer bee.

Vanquished Creatures
  Joseph (D:7)
  Eustachio (D:5)
  A water moccasin (D:6)
  2 black bears
  An orc warrior (D:7)
  2 ice beasts
  2 ogres
  2 centaurs (D:7)
  A phantom (D:7)
  4 bullfrogs
  4 scorpions
  2 necrophages
  7 wights (D:7)
  6 howler monkeys
  3 jellies
  3 hounds
  An orc wizard (D:7)
  3 iguanas
  11 gnolls
  15 adders
  3 river rats (Sewer)
  A shadow imp (D:6)
  2 white imps (D:6)
  An ufetubus (D:7)
  2 worms
  3 dart slugs
  21 orcs
  6 bats
  6 endoplasms
  6 giant cockroaches
  5 goblins
  3 hobgoblins (D:4)
  7 jackals
  5 quokkas
  15 ball pythons
  7 frilled lizards
  13 kobolds
  37 rats
215 creatures vanquished.

Notes
Turn   | Place    | Note
-------+----------+-------------------------------------------
     0 | D:1      | Dirtsage the Octopode Transmuter began the quest for the
                  | Orb.
     0 | D:1      | Reached XP level 1. HP: 13/13 MP: 3/3
   129 | D:1      | Found Qytiplih's Magic Scroll Boutique.
   165 | D:1      | Reached skill level 1 in Ice Magic
   165 | D:1      | Reached XP level 2. HP: 12/18 MP: 3/5
   302 | D:1      | Reached XP level 3. HP: 11/23 MP: 6/6
   396 | D:1      | Found a faded altar of an unknown god.
   944 | D:2      | Learned a level 2 spell: Wereblood
  1050 | D:2      | You fall into a shaft and drop 2 floors!
  1281 | D:4      | Reached XP level 4. HP: 24/28 MP: 5/7
  1331 | D:4      | Noticed an ogre
  1339 | D:4      | Killed an ogre
  1340 | D:4      | Reached XP level 5. HP: 15/33 MP: 6/8
  1690 | D:3      | Reached XP level 6. HP: 38/38 MP: 6/9
  2198 | D:3      | Found a blossoming altar of Fedhas.
  2198 | D:3      | Found a white marble altar of Elyvilon.
  2334 | D:3      | Became a worshipper of Elyvilon the Healer
  2386 | D:3      | Found a hide-covered altar of Uskayaw.
  2893 | D:4      | Noticed a black bear
  2904 | D:4      | Learned a level 4 spell: Ice Form
  2917 | D:4      | Killed a black bear
  2918 | D:4      | Reached skill level 5 in Transmutations
  3138 | D:4      | Reached XP level 7. HP: 43/43 MP: 5/10
  3331 | D:4      | Reached * piety under Elyvilon
  3455 | D:5      | Entered Level 5 of the Dungeon
  3462 | D:5      | Reached skill level 5 in Ice Magic
  3774 | D:5      | Noticed Eustachio
  3792 | D:5      | Killed Eustachio
  3793 | D:5      | Reached XP level 8. HP: 20/48 MP: 7/11
  4210 | D:5      | Found an ornate altar of the Wu Jian Council.
  4560 | D:6      | Found Jawueq's General Store.
  4563 | D:6      | Bought a scroll of identify for 28 gold pieces
  4563 | D:6      | Bought a potion of curing for 42 gold pieces
  4563 | D:6      | Bought a potion of haste for 140 gold pieces
  4688 | D:6      | Reached ** piety under Elyvilon
  4700 | D:6      | Found a glowing drain.
  4704 | Sewer    | Entered a sewer
  5053 | Sewer    | Reached XP level 9. HP: 18/54 MP: 7/12
  5360 | D:6      | Found a staircase to the Ecumenical Temple.
  5368 | Temple   | Entered the Ecumenical Temple
  5403 | Temple   | Fell from the grace of Elyvilon
  5403 | Temple   | Became a worshipper of the Shining One
  5604 | D:7      | Learned a level 3 spell: Mephitic Cloud
  5608 | D:7      | Reached * piety under the Shining One
  5855 | D:7      | Noticed Joseph
  5875 | D:7      | Killed Joseph
  5876 | D:7      | Reached skill level 5 in Unarmed Combat
  5876 | D:7      | Reached skill level 1 in Conjurations
  5876 | D:7      | Reached skill level 1 in Air Magic
  5876 | D:7      | Reached skill level 1 in Poison Magic
  6617 | D:7      | Reached XP level 10. HP: 63/63 MP: 13/13
  6642 | D:7      | Noticed a cyclops
  6642 | D:7      | Noticed a two-headed ogre
  6642 | D:7      | Reached ** piety under the Shining One
  6642 | D:7      | Noticed a boulder beetle
  6694 | D:7      | Slain by a troll

Illustrated notes

Levels and vault maps discovered:
D:1:      lemuel_arrival_lava_pool, layout_rooms, serial_shops,
          nicolae_shop_trees, hellmonk_ecumenical_altar_inner_sanctum
D:2:      layout_rooms
D:3:      layout_loops_ring, mainiacjoe_overflow_divided_tiny,
          mainiacjoe_overflow_six_doors_small, minmay_misc_feat_iff
D:4:      layout_basic
D:5:      layout_rooms, pdpol_wu_jian_five_deadly_venoms, reono_crystal_passage,
          uniq_eustachio
D:6:      layout_basic, minmay_temple_entry_trees, gup_sewer_entry_bowl,
          serial_shops, kennysheep_mini_moat
D:7:      minmay_chambers_of_sevens, layout_basic, uniq_joseph
Temple:   nicolae_temple_ecumenical_triangle

Skill      XL: |  1  2  3  4  5  6  7  8  9 10 |
---------------+-------------------------------+-----
Ice Magic      | 1 2 3 4 6 7 8 |  8.0
Transmutations | 3 4 5 6 7 8 |  8.0
Unarmed Combat | 4 5 |  5.7
Fighting       | 2 3 |  3.3
Dodging        | 3 |  3.9
Conjurations   | 1 2 |  2.0
Air Magic      | 2 |  2.1
Poison Magic   | 2 |  2.7
Spellcasting   | |  2.0
Invocations    | |  0.7

Action                   |  1- 3 |  4- 6 |  7- 9 | 10-12 || total
-------------------------+-------+-------+-------+-------++-------
Melee: Unarmed           |    91 |   111 |   288 |     4 ||   494
       Constrict         |    26 |    31 |     6 |       ||    63
       Tentacles         |    26 |    22 |     2 |       ||    50
       Kick              |    12 |    29 |     3 |       ||    44
       Punch             |     2 |     3 |     1 |       ||     6
 Cast: Beastly Appendage |    12 |    17 |     4 |       ||    33
       Wereblood         |       |     2 |    10 |     1 ||    13
       Ice Form          |       |     2 |    23 |     1 ||    26
Evoke: Wand              |       |       |     2 |       ||     2
  Use: Potion            |       |     1 |     2 |     5 ||     8
       Scroll            |       |       |    14 |       ||    14
 Stab: Sleeping          |     9 |     5 |     3 |       ||    17
Armor: Skin              |     3 |    12 |   131 |     5 ||   151
Dodge: Dodged            |    51 |    66 |   184 |    26 ||   327

Table legend: (Time is in decaauts)
 A = Elapsed time spent in this place.
 B = Non-inter-level travel time spent in this place.
 C = Inter-level travel time spent in this place.
 D = Time resting spent in this place.
 E = Time spent auto-exploring this place.
 F = Levels seen in this place.
 G = Mean time per level.
                   A        B        C        D        E       F      G
               +--------+--------+--------+--------+--------+-----+--------+
         Total |   6650 |   6470 |    180 |    423 |   4605 |   9 |  738.9 |
       Dungeon |   6118 |   5954 |    164 |    423 |   4274 |   7 |  874.0 |
        Temple |     52 |     36 |     16 |      0 |     18 |   1 |   52.0 |
         Sewer |    479 |    479 |      0 |      0 |    313 |   1 |  479.0 |
               +--------+--------+--------+--------+--------+-----+--------+

Top non-repeatable levels by time:
     D:4: 1372 daAuts
     D:7: 1181 daAuts
     D:3: 930 daAuts
     D:5: 778 daAuts
     D:6: 716 daAuts
     D:1: 628 daAuts
     D:2: 509 daAuts
   Sewer: 479 daAuts
  Temple: 52 daAuts
